Map: Old Republic LE

Players

IIIIIIIIIIII

  • Race: Protoss Protoss
  • League: Master
  • Spawn Location: 1:00

GABE - Winner!

  • Race: Terran Terran
  • League: Grandmaster
  • Spawn Location: 7:00

VOD

https://www.youtube.com/watch?v=tB88-qy3uvY&t=435s

Description

TvP Standard Bio Build ALL THE NOTES from the video:
1. Open up Reaper Fast Expand – Reaper Scouts for Proxies, SCV that makes 2nd Depot makes Bunker, SCV after Orbital makes Factory, 2nd Gas after Bunker
2. Get Scouting with Reaper + Hellion
3. Raven (if Stargate build 1 Cyclone & Vikings instead) for DTs safety, send to harrass Probes when you feel safe enough
4. 2-3 Tanks defensively vs Blink Stalkers, be careful against 2 base Blink Allins
5. Go up to 3 Barracks, then 1 Ebay, then 3 CC, then 5 Rax (3 Tech, 2 Reactor) etc.
6. Get Scouting with single Marines, take third around the time Stim is done, make some Turrets vs Warp Prisms, put Mines at entrances
7. Get a Bunker at the 3rd base, try to get Scouting-Info (Fast Upgrades + 2nd Starport vs Colossus, Fast Ghosts vs HTs etc.)
8. Take 4th, 8 Rax in total
9. Some Late Game Details explained in the last ~8 mins of the video

Time

  • Played on: May 6, 2026, 3:30 p.m.
  • Length: 16:41
Show
View Real Time Build Order
Export as new Build Order

IIIIIIIIIIII Protoss 

Build Orders: 1 Gate Expand, Phoenix Opening, Blink Stalkers, Colossus Rush 

Get SALT Encoding   

  12  0:00  Probe  
  13  0:12  Probe  
  14  0:17  Pylon  
  14  0:23  Probe  
  15  0:31  Probe  
  16  0:37  Gateway  
  16  0:39  Probe  
  16  0:45  Assimilator  
  17  0:50  Probe  
  18  1:03  Probe  
  19  1:15  Probe  
  20  1:22  Nexus  
  20  1:32  Cybernetics Core  
  20  1:35  Probe  
  20  1:39  Assimilator  
  22  1:47  Probe  
  22  1:49  Pylon  
  22  1:56  Stalker  
  22  1:57  Probe  
  23  2:06  Probe  
  25  2:08  Warp Gate  
  25  2:14  Probe  
  27  2:25  Sentry, Probe  
  27  2:29  Probe  
  31  2:37  Probe  
  31  2:38  Probe, Shield Battery  
  33  2:45  Twilight Council  
  33  2:48  Probe  
  33  2:50  Probe  
  35  2:51  Stalker  
  35  2:55  Phoenix  
  35  2:56  Blink  
  37  3:00  Probe  
  37  3:02  Probe  
  37  3:04  Gateway  
  39  3:12  Probe  
  40  3:14  Probe  
  40  3:18  Pylon  
  41  3:24  Probe  
  41  3:26  Probe  
  43  3:36  Probe  
  43  3:38  Probe  
  45  3:42  Nexus  
  46  3:48  Probe  
  46  3:50  Probe  
  47  3:58  Stalker x2  
  47  4:00  Probe  
  51  4:03  Probe, Assimilator  
  51  4:05  Assimilator  
  51  4:08  Robotics Facility  
  52  4:12  Probe  
  52  4:15  Probe, Pylon  
  54  4:21  Pylon  
  54  4:30  Forge  
  54  4:31  Phoenix  
  54  4:33  Probe x2  
  54  4:34  Stalker  
  54  4:35  Stalker  
  61  4:45  Probe, Gateway  
  61  4:48  Gateway  
  61  4:51  Probe  
  62  4:55  Probe  
  62  4:56  Observer  
  62  4:57  Robotics Bay, Protoss Ground Weapons Level 1  
  62  4:58  Probe  
  65  5:00  Charge  
  65  5:03  Probe x2  
  67  5:11  Probe  
  67  5:12  Probe  
  68  5:15  Probe  
  68  5:20  Observer  
  71  5:23  Probe  
  71  5:25  Probe, Stalker x2  
  71  5:27  Probe  
  78  5:28  Colossus  
  78  5:29  Pylon  
  78  5:34  Pylon  
  78  5:35  Probe  
  79  5:37  Probe  
  79  5:41  Probe  
  81  5:47  Probe  
  88  5:51  Gateway  
  88  5:53  Gateway  
  88  5:58  Gateway  
  88  6:00  Gateway  
  88  6:03  Extended Thermal Lance  
  88  6:08  Colossus, Pylon  
  88  6:17  Pylon  
  88  6:23  Pylon  
  88  6:24  Zealot x3  
  100  6:33  Zealot  
  100  6:36  Pylon  
  100  6:38  Pylon  
  100  6:39  Protoss Ground Weapons Level 2  
  102  6:43  Pylon  
  102  6:44  Stalker x2  
  102  6:45  Stalker, Colossus  
  102  6:46  Sentry  
  110  6:49  Pylon, Zealot  
  110  6:52  Zealot  
  110  6:53  Zealot  
  122  7:13  Zealot x4  
  130  7:22  Forge  
  129  7:25  Protoss Ground Armor Level 1  
  129  7:27  Nexus  
  129  7:28  Warp Prism  
  129  7:29  Pylon  
  129  7:32  Zealot  
  131  7:38  Pylon, Stalker  
  131  7:44  Stalker x2  
  139  7:48  Stalker, Pylon  
  139  7:50  Zealot  
  143  7:57  Zealot x2  
  147  8:04  Zealot x2  
  151  8:08  Gateway  
  151  8:09  Gateway  
  151  8:11  Zealot x2  
  155  8:16  Pylon  
  155  8:18  Zealot x2  
  143  8:34  Zealot x6  
  143  8:40  Zealot x2  
  130  8:44  Colossus  
  130  8:47  Probe  
  130  8:48  Probe  
  82  8:49  Probe  
  75  8:57  Protoss Ground Weapons Level 3  
  75  9:00  Stalker x3  
  75  9:01  Probe x2  
  75  9:02  Probe  
  74  9:03  Probe  
  75  9:13  Probe x2  
  75  9:14  Probe  
  75  9:16  Probe  
  75  9:20  Stalker  
  75  9:21  Colossus  
  75  9:22  Protoss Ground Armor Level 2  
  76  9:25  Probe  
  76  9:28  Probe x2  
  76  9:30  Probe  
  79  9:36  Templar Archives  
  79  9:37  Probe  
  86  9:42  Probe  
  86  9:43  Probe  
  86  9:44  Probe  
  89  9:49  Dark Shrine, Probe  
  89  9:51  Assimilator  
  89  9:52  Zealot x2  
  94  9:54  Probe  
  95  10:06  Nexus, Probe x2  
  98  10:07  Probe x2, Pylon  
  98  10:10  Immortal  
  99  10:18  Probe x2  
  99  10:19  Robotics Facility  
  105  10:23  Probe x2, Assimilator  
  105  10:26  Zealot x3  
  105  10:27  Sentry  
  115  10:30  Probe  
  116  10:39  Disruptor  
  116  10:46  Gateway x2  
  120  10:53  Zealot x4  
  120  10:57  Pylon  
  128  10:58  Robotics Facility  
  128  11:05  Dark Templar  
  128  11:07  Disruptor  
  130  11:12  Dark Templar, Nexus  
  130  11:14  Pylon  
  130  11:16  Zealot x5, Disruptor  
  146  11:19  Assimilator  
  146  11:23  Assimilator  
  148  11:37  Protoss Shields Level 1  
  148  11:40  Disruptor  
  148  11:45  Protoss Ground Armor Level 3  
  148  11:46  Stalker x4  
  160  11:59  Zealot x6  
  170  12:04  Disruptor  
  174  12:09  Gateway  
  174  12:10  Gateway  
  174  12:16  Disruptor  
  174  12:19  Disruptor  
  180  12:31  Nexus  
  180  12:33  Disruptor  
  180  12:34  Pylon  
  178  12:42  Gateway  
  178  12:43  Gateway  
  182  12:45  Disruptor  
  182  12:50  Disruptor  
  182  12:53  Stalker x2  
  182  12:56  Assimilator  
  194  13:06  Pylon  
  194  13:09  Disruptor  
  194  13:10  Nexus  
  198  13:13  Pylon  
  198  13:15  Pylon x2  
  198  13:16  High Templar  
  198  13:17  High Templar  
  200  13:21  Archon, Shadow Stride  
  200  13:22  Pylon  
  200  13:27  Pylon  
  200  13:28  Unknown  
  200  13:32  Gravitic Boosters, Protoss Shields Level 2  
  200  13:35  Stargate  
  200  13:36  Pylon  
  164  14:15  Zealot x14  
  190  14:18  Stalker x2  
  194  14:29  Gravitic Drive  
  180  14:38  Stalker x4  
  180  14:39  Stalker x2  
  180  14:57  Disruptor x3  
  154  15:05  Stalker x4  
  154  15:06  Stalker x7  
  154  15:12  Stalker x3  
  154  15:13  Stalker x2  
  142  15:24  Disruptor x2  
  142  15:27  Disruptor  
  134  15:31  Zealot x11  
  136  15:43  Stalker x5  
  138  15:55  Zealot x5  
  148  15:58  Disruptor x2  
  140  16:15  Stalker x6  
  140  16:16  Stalker x2  
  140  16:17  High Templar  
  144  16:21  Zealot  
Show
View Real Time Build Order
Export as new Build Order

GABE Terran - Winner!

Build Orders: Reaper Expand 

Get SALT Encoding   

  12  0:00  SCV  
  13  0:12  SCV  
  14  0:17  Supply Depot  
  14  0:24  SCV  
  15  0:38  SCV  
  15  0:41  Barracks  
  16  0:43  Refinery  
  16  0:50  SCV  
  17  1:03  SCV  
  18  1:15  SCV  
  19  1:28  Reaper, Orbital Command  
  20  1:40  Command Center  
  20  1:48  Supply Depot  
  20  1:53  SCV  
  21  2:00  Marine  
  22  2:05  SCV  
  22  2:08  Factory  
  23  2:14  Bunker  
  23  2:17  SCV  
  23  2:21  Barracks Reactor  
  24  2:23  Refinery  
  25  2:30  SCV  
  25  2:42  SCV  
  26  2:52  Hellion  
  26  2:53  Starport  
  26  2:54  SCV  
  26  2:57  Marine x2  
  31  3:00  Orbital Command  
  31  3:06  SCV  
  32  3:14  Factory Tech Lab  
  32  3:15  Marine x2  
  32  3:18  SCV  
  35  3:23  Barracks  
  35  3:26  SCV  
  36  3:30  SCV  
  36  3:33  Marine x2  
  39  3:36  Raven  
  39  3:39  Factory Tech Lab  
  39  3:40  Supply Depot, SCV  
  42  3:42  SCV  
  43  3:51  Marine x2  
  43  3:52  SCV  
  43  3:54  SCV  
  45  4:02  Siege Tank  
  47  4:03  Supply Depot  
  47  4:04  SCV  
  47  4:07  SCV  
  49  4:11  Marine x2  
  49  4:14  Barracks  
  49  4:17  SCV, Stimpack  
  52  4:19  SCV  
  53  4:25  Supply Depot  
  53  4:28  Marine  
  53  4:29  SCV, Marine x2  
  53  4:31  SCV  
  58  4:35  Siege Tank  
  58  4:38  Engineering Bay  
  61  4:39  Refinery  
  61  4:41  SCV  
  62  4:47  SCV  
  62  4:49  Marine x3, Supply Depot  
  66  4:53  SCV  
  66  4:59  SCV  
  68  5:04  Terran Infantry Weapons Level 1  
  68  5:05  SCV, Refinery  
  69  5:11  SCV  
  69  5:12  Starport Reactor  
  70  5:16  Supply Depot  
  70  5:17  Factory Reactor, SCV  
  70  5:18  Marine x4  
  75  5:22  Combat Shield  
  75  5:23  SCV  
  76  5:32  SCV  
  76  5:34  Command Center  
  77  5:35  SCV  
  82  5:44  SCV  
  85  5:50  Supply Depot  
  85  5:55  Barracks  
  85  5:56  Barracks  
  83  5:57  Supply Depot  
  83  6:00  Concussive Shells, Medivac  
  83  6:02  Medivac  
  83  6:03  SCV x2  
  85  6:10  Missile Turret  
  85  6:12  Marine x2  
  85  6:13  Marauder x2  
  85  6:14  Missile Turret  
  85  6:15  Widow Mine  
  85  6:17  SCV  
  94  6:19  SCV, Widow Mine  
  94  6:21  Supply Depot  
  97  6:29  SCV  
  97  6:31  SCV  
  99  6:32  Marine x2  
  101  6:41  SCV  
  101  6:42  Supply Depot  
  101  6:43  Marauder x2, SCV  
  107  6:50  Barracks Reactor, Barracks Tech Lab  
  107  6:51  Medivac x2, Widow Mine x2  
  115  6:54  Supply Depot  
  115  6:58  Supply Depot, SCV x2, Terran Infantry Armor Level 1  
  117  7:04  Orbital Command  
  117  7:10  SCV x2  
  117  7:12  Marine  
  117  7:13  Marine  
  127  7:15  Marauder  
  127  7:16  Marauder x2  
  127  7:22  SCV x2  
  133  7:26  Medivac x2  
  137  7:32  SCV  
  137  7:34  SCV  
  137  7:35  SCV, Refinery x2  
  137  7:36  Bunker, Supply Depot  
  140  7:42  Armory, Starport  
  140  7:43  Engineering Bay  
  136  7:44  SCV  
  136  7:46  SCV  
  136  7:47  SCV  
  145  7:51  Marauder x3  
  145  7:52  Marine x4  
  149  7:59  Viking  
  149  8:00  Missile Turret, Viking  
  153  8:12  Supply Depot  
  151  8:13  Command Center  
  151  8:15  Marauder x3  
  157  8:21  Bunker  
  157  8:24  Marine x2  
  157  8:26  Bunker, Marine  
  156  8:31  SCV x2  
  152  8:38  Marauder  
  152  8:41  Marauder, Marine x2  
  139  8:42  Marine x2  
  139  8:44  SCV x2  
  139  8:45  SCV  
  139  8:46  Marine  
  136  8:54  Viking x3  
  140  8:56  SCV  
  140  8:58  Viking  
  140  8:59  Marine, Marauder  
  140  9:00  Marauder, Marine  
  140  9:02  Marauder  
  147  9:03  SCV  
  147  9:04  Terran Infantry Weapons Level 2, Terran Infantry Armor Level 2  
  147  9:05  Terran Ship Weapons Level 1  
  147  9:08  Fusion Core  
  148  9:20  Marauder  
  148  9:21  Marauder  
  148  9:24  Barracks  
  152  9:25  Barracks  
  152  9:28  Ghost Academy, SCV  
  152  9:29  SCV, Marine x4  
  159  9:34  Bunker  
  159  9:38  Supply Depot  
  159  9:41  Sensor Tower  
  159  9:43  Marine x2, Planetary Fortress  
  160  9:47  Sensor Tower  
  160  9:49  Marauder  
  84  9:52  Viking x2  
  162  9:53  Viking x2  
  162  9:54  Caduceus Reactor  
  170  10:01  Missile Turret, Marauder x2  
  170  10:02  Missile Turret  
  174  10:10  Supply Depot  
  174  10:13  SCV  
  175  10:16  Barracks Reactor, Barracks Tech Lab  
  175  10:18  Barracks  
  175  10:20  Ghost  
  177  10:21  Marine x2  
  177  10:22  Marine x2, Ghost x2  
  185  10:29  Medivac  
  185  10:31  Medivac  
  189  10:37  Command Center  
  189  10:43  Command Center  
  189  10:48  Missile Turret  
  189  10:49  Command Center, Missile Turret  
  189  10:52  Missile Turret  
  189  10:55  Missile Turret, Ghost x3  
  195  10:58  Supply Depot  
  195  10:59  Terran Ship Weapons Level 2  
  195  11:07  Refinery x2  
  195  11:10  Barracks Tech Lab  
  195  11:21  Command Center  
  195  11:23  Command Center  
  195  11:30  Command Center  
  194  11:35  Missile Turret  
  194  11:37  Missile Turret  
  194  11:38  Missile Turret, Terran Infantry Weapons Level 3  
  194  11:42  Terran Infantry Armor Level 3  
  194  11:43  Advanced Ballistics  
  194  11:50  Liberator x2  
  197  11:54  SCV x3  
  199  12:01  Orbital Command x2  
  199  12:04  Missile Turret  
  199  12:05  Missile Turret  
  199  12:07  Missile Turret  
  199  12:10  Starport  
  199  12:12  Command Center  
  199  12:21  Missile Turret  
  199  12:25  Marine  
  199  12:26  Marine  
  199  12:29  Missile Turret  
  198  12:38  Orbital Command  
  198  12:39  Orbital Command  
  196  12:45  Marauder x2  
  196  12:49  Barracks  
  196  12:50  Orbital Command  
  200  12:52  Sensor Tower, Planetary Fortress, Barracks  
  200  12:53  Refinery  
  200  12:54  Missile Turret  
  200  12:55  Missile Turret  
  200  13:00  Refinery, Starport Reactor  
  200  13:11  Command Center  
  200  13:23  Missile Turret x2  
  200  13:30  Command Center  
  200  13:33  Command Center  
  200  13:37  Command Center  
  200  13:41  Terran Ship Weapons Level 3  
  200  13:43  Orbital Command  
  200  13:45  Personal Cloaking  
  194  13:57  Liberator x2  
  192  14:08  Liberator x4  
  197  14:11  Marauder  
  197  14:12  Barracks Reactor, Barracks Tech Lab  
  197  14:15  Barracks Tech Lab, Hi-Sec Auto Tracking  
  199  14:19  Neosteel Armor  
  199  14:24  Command Center  
  195  14:30  Command Center  
  181  14:34  Marauder  
  181  14:35  Marauder x5, Ghost  
  181  14:38  Marine  
  183  14:41  Marine x2  
  183  14:43  Missile Turret x2  
  183  14:47  Missile Turret  
  179  14:55  Ghost  
  179  14:56  Marauder  
  173  15:01  Marauder x3  
  173  15:04  Marauder  
  173  15:05  Marine x3, Marauder  
  173  15:06  Marine  
  181  15:08  Marine x2  
  181  15:11  Medivac x2  
  187  15:17  Marauder  
  176  15:22  Marine  
  176  15:23  Marauder x2, Missile Turret  
  176  15:24  Marauder, Missile Turret  
  176  15:26  Marauder, Marine x2  
  176  15:27  Marauder  
  178  15:39  Marauder  
  178  15:40  Marauder  
  153  15:43  Marine  
  153  15:44  Marine x3, Marauder x2  
  153  15:46  Marauder  
  153  15:47  Marauder  
  153  15:50  Orbital Command  
  153  15:53  Orbital Command  
  150  15:57  Liberator  
  165  16:10  Marine  
  162  16:14  Marauder x4  
Tags
 
Add a new tag
Caveats
  • Supply blocks, unpowered buildings, or Contaminate may cause inaccurate times.
  • Supply counts are checked every 10 seconds.